 Dungeon Crawl Stone Soup version 0.26.1-10-gdfb7c7de75 (webtiles) character file.

Game seed: 6900220883460312101

1540 Chiseanne the Magician (level 8, -1/52 HPs)
             Began as a Demonspawn Hedge Wizard on Apr 10, 2021.
             Was a Follower of Vehumet.
             Slain by a wyvern zombie (13 damage)
             ... on level 6 of the Dungeon.
             The game lasted 00:14:19 (9508 turns).

Chiseanne the Magician (Demonspawn Hedge Wizard)    Turns: 9508, Time: 00:14:20

Health: -1/52      AC:  6    Str: 12    XL:     8   Next: 56%
Magic:  15/17      EV: 12    Int: 17    God:    Vehumet [*.....]
Gold:   286        SH:  0    Dex: 12    Spells: 13/19 levels left

rFire    + . .     SeeInvis .   a - +2 short sword (venom)
rCold    . . .     Faith    .   (no shield)
rNeg     . . .     Spirit   .   b - +1 robe
rPois    +         Reflect  .   h - +0 helmet
rElec    .         Harm     .   (no cloak)
rCorr    .         Rampage  .   (no gloves)
Will     +....                  k - +1 pair of boots
Stlth    ++........             (no amulet)
HPRegen  0.17/turn              y - ring of Lokhigit {rPois rF+ Will+}
MPRegen  0.15/turn              (no ring)

@: no status effects
A: powered by pain 3
a: Renounce Religion


You were on level 6 of the Dungeon.
You worshipped Vehumet.
Vehumet was aware of your devotion.
You visited 2 branches of the dungeon, and saw 7 of its levels.

You collected 286 gold pieces.

Inventory:

Hand Weapons
 a - a +2 short sword of venom (weapon)
 s - the +8 dagger "Kioguow" {flame, +Blink +Inv Will- Str+2}
   (You found it on level 4 of the Dungeon)

   It has been specially enchanted to burn those struck by it, causing extra
   injury to most foes and up to half again as much damage against particularly
   susceptible opponents.
   It affects your strength (+2).
   It affects your willpower, your defense against some magical effects.
   It lets you turn invisible.
   It lets you blink.
 u - a +1 spear of venom
 A - a +2 dagger of speed
Missiles
 c - 63 bolts
 d - 39 poisoned darts (quivered)
 i - 179 arrows
 l - 179 stones
 n - 41 sling bullets
Armour
 b - a +1 robe (worn)
 h - a +0 helmet (worn)
 k - a +1 pair of boots (worn)
 t - +0 storm dragon scales
Jewellery
 y - the ring of Lokhigit (left hand) {rPois rF+ Will+}
   (You found it on level 4 of the Dungeon)

   [ring of willpower]

   It protects you from fire.
   It protects you from poison.
   It affects your willpower, your defense against some magical effects.
 C - an uncursed amulet of the acrobat {unknown}
 D - an uncursed amulet of guardian spirit {unknown}
Wands
 x - a wand of flame (38)
Scrolls
 e - a scroll of blinking
 g - 2 scrolls of enchant armour
 j - 2 scrolls of amnesia
 r - 2 scrolls of teleportation
 B - a scroll of fear
 F - a scroll of identify
Potions
 f - a potion of magic
 m - 4 potions of curing
 o - a potion of brilliance
 p - 2 potions of heal wounds
 q - a potion of resistance
 v - a potion of flight
 w - 2 potions of mutation
 z - a potion of lignification {unknown}
 E - a potion of ambrosia


   Skills:
 - Level 1.7 Dodging
 - Level 1.7 Stealth
 * Level 6.4 Spellcasting
 * Level 6.1 Conjurations
 - Level 1.0 Summonings
 - Level 0.8 Translocations
 * Level 3.8 Air Magic
 * Level 4.2 Poison Magic


You had 13 spell levels left.
You knew the following spells:

 Your Spells              Type           Power        Failure   Level
a - Magic Dart            Conj           100%         1%          1
b - Blink                 Tloc           N/A          13%         2
d - Mephitic Cloud        Conj/Pois/Air  21%          5%          3

Your spell library contained the following spells:

 Spells                   Type           Power        Failure   Level
 Sandblast                Erth           10%          12%         1
 Conjure Flame            Conj/Fire      15%          11%         3
 Call Imp                 Summ           8%           12%         2
 Slow                     Hex            5%           19%         2


Dungeon Overview and Level Annotations

Branches:
Dungeon (6/15)             Temple (1/1) D:5

Altars:
Cheibriados
Elyvilon
Gozag
Kikubaaqudgha
Nemelex Xobeh
Qazlal
Trog
Vehumet
Zin


Innate Abilities, Weirdness & Mutations

You are powered by pain.


Message History

The wyvern zombie is almost destroyed.
The wyvern zombie bites you!
* * * LOW HITPOINT WARNING * * *
Casting: Magic Dart (safe; 1% risk of failure)
Confirm with . or Enter, or press ? or * to list all spells.
Aiming: Magic Dart (safe; 1% risk of failure)
Press: ? - help, Shift-Dir - straight line, f/p - wyvern zombie
Aim: a wyvern zombie (almost destroyed, 0% to evade)
The magic dart hits the wyvern zombie.
The wyvern zombie is almost destroyed.
The wyvern zombie barely misses you.
Casting: Magic Dart (safe; 1% risk of failure)
Confirm with . or Enter, or press ? or * to list all spells.
Aiming: Magic Dart (safe; 1% risk of failure)
Press: ? - help, Shift-Dir - straight line, f/p - wyvern zombie
Aim: a wyvern zombie (almost destroyed, 0% to evade)
The magic dart hits the wyvern zombie but does no damage.
The wyvern zombie is almost destroyed.
The wyvern zombie closely misses you. The wyvern zombie bites you!
You die...

### ### #.. #... ###
#####.# .#.#..#####.##
#...... ......Z@.....#
#.###.#
#.##.######..#####.###.#
.......[)..............
.##.######........#.#..
#. #..#####.#.#.# . #.
#..# #.#.###
..##.######..#####......
.................#.#.###
..........######.##<.###


You could see a wyvern zombie.

Vanquished Creatures
  Eustachio (D:4)
  Duvessa (D:5)
  2 centaurs (D:6)
  A gnoll sergeant (D:6)
  Dowan (D:5)
  A howler monkey (D:4)
  3 orc priests
  3 gnoll shamans (D:6)
  A hound (D:4)
  An iguana (D:4)
  5 orc wizards
  4 worker ants
  33 gnolls
  5 adders
  A white imp (D:4)
  4 oozes
  An adder skeleton (D:5)
  3 worms
  A dart slug (D:2)
  5 leopard geckos
  8 orcs
  2 ball pythons
  5 giant cockroaches
  8 goblins
  12 hobgoblins
  22 jackals
  3 quokkas
  8 bats
  6 frilled lizards
  5 kobolds
  6 rats
162 creatures vanquished.

Vanquished Creatures (others)
  3 plants (D:6)
3 creatures vanquished.

Grand Total: 165 creatures vanquished

Notes
Turn   | Place    | Note
-------+----------+-------------------------------------------
     0 | D:1      | Chiseanne the Demonspawn Hedge Wizard began the quest for
                  | the Orb.
     0 | D:1      | Reached XP level 1. HP: 13/13 MP: 4/4
   332 | D:1      | Gained mutation: You sometimes gain a little power by
                  | taking damage. [demonic ancestry]
   332 | D:1      | Reached XP level 2. HP: 19/19 MP: 1/6
  1102 | D:1      | Reached XP level 3. HP: 24/24 MP: 2/8
  2370 | D:2      | Reached XP level 4. HP: 30/30 MP: 0/9
  3477 | D:3      | Found an opulent altar of Gozag.
  3477 | D:3      | Found a stormy altar of Qazlal.
  3480 | D:3      | Found a snail-covered altar of Cheibriados.
  3979 | D:3      | Found a white marble altar of Elyvilon.
  4317 | D:3      | Gained mutation: You sometimes gain power by taking damage.
                  | [demonic ancestry]
  4317 | D:3      | Reached XP level 5. HP: 24/35 MP: 8/11
  5040 | D:4      | Noticed Eustachio
  5057 | D:4      | Got an encrusted dagger
  5077 | D:3      | Identified the +8 dagger "Kioguow" {flame, +Blink +Inv
                  | Will- Str+2} (You found it on level 4 of the Dungeon)
  5084 | D:3      | Learned a level 2 spell: Blink
  5088 | D:3      | Learned a level 3 spell: Mephitic Cloud
  5151 | D:4      | Reached XP level 6. HP: 30/41 MP: 13/13
  5356 | D:4      | Killed Eustachio
  5357 | D:4      | Reached skill level 5 in Spellcasting
  5357 | D:4      | Reached skill level 1 in Air Magic
  5357 | D:4      | Reached skill level 1 in Poison Magic
  5654 | D:4      | Found a glowing silver altar of Zin.
  5678 | D:4      | Gained mutation: You are powered by pain. [demonic
                  | ancestry]
  5678 | D:4      | Reached XP level 7. HP: 46/46 MP: 9/14
  5829 | D:4      | Got a steaming bone ring
  5895 | D:4      | Identified the ring of Lokhigit {rPois rF+ Will+} (You
                  | found it on level 4 of the Dungeon)
  5917 | D:5      | Entered Level 5 of the Dungeon
  6338 | D:5      | Noticed Dowan
  6341 | D:5      | Noticed Duvessa
  6359 | D:5      | Killed Duvessa
  6360 | D:5      | Reached skill level 5 in Conjurations
  6369 | D:5      | Killed Dowan
  6676 | D:5      | Found a staircase to the Ecumenical Temple.
  6680 | Temple   | Entered the Ecumenical Temple
  6796 | Temple   | Became a worshipper of Vehumet
  6962 | D:5      | Found a bloodstained altar of Trog.
  7503 | D:6      | Reached XP level 8. HP: 52/52 MP: 11/16
  8032 | D:6      | Reached * piety under Vehumet
  8032 | D:6      | Offered knowledge of Sandblast by Vehumet.
  9508 | D:6      | Slain by a wyvern zombie

Illustrated notes

Levels and vault maps discovered:
D:1:      grunt_arrival_lava_bath, layout_basic
D:2:      layout_basic, grunt_ministairs_9
D:3:      layout_loops_cross, elyvilon_altar_3, gammafunk_temple_overflow_claw,
          hangedman_decor_clover_reticule, wander_ebering_terrifying_dragon_lair
D:4:      layout_basic, zin_scriptorium, minivault_25, uniq_eustachio
D:5:      layout_loops_cross, minmay_temple_entry_glassed_door, basic_altar,
          uniq_duvessa
D:6:      lemuel_castle_with_subvaults [lemuel_castle_interior_carwin_2],
          layout_basic, abandoned_shop
Temple:   minmay_temple_forest_path

Skill      XL: |  1  2  3  4  5  6  7  8 |
---------------+-------------------------+-----
Conjurations   | 2 3 4 5 6 |  6.1
Spellcasting   | 4 5 6 |  6.4
Air Magic      | 1 2 3 |  3.8
Poison Magic   | 1 3 4 |  4.2
Dodging        | |  1.7
Stealth        | |  1.7
Summonings     | |  1.0
Translocations | |  0.8

Action                   |  1- 3 |  4- 6 |  7- 9 || total
-------------------------+-------+-------+-------++-------
Melee: Dagger            |    16 |       |       ||    16
       Spear             |    18 |    21 |       ||    39
       Short sword       |       |    20 |    80 ||   100
Throw: Dart              |       |     4 |       ||     4
 Cast: Magic Dart        |    90 |   113 |   239 ||   442
       Mephitic Cloud    |       |     2 |    14 ||    16
       Blink             |       |       |     1 ||     1
  Use: Scroll            |     5 |    10 |     4 ||    19
       Potion            |       |     1 |       ||     1
 Stab: Confused          |       |     2 |     3 ||     5
       Sleeping          |       |       |     1 ||     1
Armor: Robe              |    12 |    14 |    35 ||    61
Dodge: Dodged            |    21 |    30 |    64 ||   115
